 Dungeon Sprint DCSS version 0.24-a0-640-ge7cd8ce796 (webtiles) character file.

Game seed: 8404268920434121824, levelgen mode: deterministic

448 FMitz the Ruffian (level 6, -6/66 HPs)
             Began as a Troll Skald on Sept 24, 2019.
             Was an Initiate of Vehumet.
             Shot with an arrow by a centaur warrior (21 damage)
             ... in the Dungeon (Sprint I: "Red Sonja").
             The game lasted 00:05:18 (299 turns).

FMitz the Ruffian (Troll Skald)                      Turns: 299, Time: 00:05:18

Health: -6/66      AC:  6    Str: 20    XL:     6   Next: 73%
Magic:  9/10       EV: 12    Int:  9    God:    Vehumet [......]
Gold:   132        SH:  0    Dex: 11    Spells: 11/12 levels left

rFire    . . .     SeeInvis .     - Unarmed
rCold    . . .     Gourm    +   (no shield)
rNeg     . . .     Faith    .   a - +0 robe
rPois    .         Spirit   .   (helmet restricted)
rElec    .         Reflect  .   (no cloak)
rCorr    .         Harm     .   (gloves unavailable)
MR       .....     NoTele   +   (boots unavailable)
Stlth    +.........             (no amulet)
HPRegen  0.61/turn              (no ring)
MPRegen  0.12/turn              (no ring)

@: infused, very slightly contaminated, hasted, very quick
A: large, unfitting armour, claws 3, fast metabolism 3, gourmand, regeneration
1, shaggy fur 1, tough skin 3
a: Renounce Religion


You were in the Dungeon.
You worshipped Vehumet.
Vehumet was noncommittal.
You were not hungry.

You visited 1 branch You collected 297 gold pieces.
You spent 165 gold pieces at shops.

Inventory:

Armour
 a - a +0 robe (worn)
Jewellery
 e - an uncursed ring of wizardry {unknown}
Wands
 b - a wand of flame (15)
Potions
 g - 2 potions of magic
 h - a potion of berserk rage
 j - a potion of mutation {unknown}
Comestibles
 c - 2 rations


   Skills:
 + Level 5.6 Fighting
 * Level 6.7 Dodging
 + Level 6.8 Unarmed Combat
 - Level 3.6 Spellcasting
 - Level 4.7 Charms


You had 11 spell levels left.
You knew the following spells:

 Your Spells              Type           Power        Failure   Level  Hunger
a - Infusion              Chrm           ##..         4%          1    #......

Your spell library contained the following spells:

 Spells                   Type           Power        Failure   Level  Hunger
 Song of Slaying          Chrm           ##......     6%          2    ###....
 Shroud of Golubria       Chrm/Tloc      #.....       16%         2    ###....
 Regeneration             Chrm/Necr      #.........   32%         3    ###....
 Spectral Weapon          Hex/Chrm       #.......     32%         3    ###....


Dungeon Overview and Level Annotations

Branches:
Dungeon (1/1)

Altars:
Cheibriados
Dithmenos
Elyvilon
Fedhas
Gozag
Hepliaklqana
Kikubaaqudgha
Nemelex Xobeh
Okawaru
Qazlal
Ru
Sif Muna
Trog
Uskayaw
Vehumet
Wu Jian
Yredelemnul
Zin
The Shining One

Shops:
D *


Innate Abilities, Weirdness & Mutations

You are too large for most types of armour.
You have claws for hands.
Your metabolism is lightning-fast.
You like to eat raw meat.
Your natural rate of healing is unusually fast.
You are covered in fur. (AC +1)
You have extremely tough skin. (AC +3)


Message History

As you read the scroll labeled BOLIOP QOXA, it crumbles to dust.
It is a scroll of enchant weapon.
You aren't carrying any weapons that can be enchanted.
Blink to where?
Press: ? - help, Dir - move target cursor You are very lightly contaminated with residual magic.
As you read the scroll of blinking, it crumbles to dust.
The centaur warrior shouts! x2
The centaur warrior wields a +0 shortbow.
The centaur warrior shoots an arrow.
The arrow hits you!! The centaur warrior barely misses you.
Casting: Infusion (safe; 4% risk of failure)
Confirm with . or Enter, or press ? or * to list all spells.
You begin infusing your attacks with magical energy.
The centaur warrior hits you.
The centaur warrior shoots an arrow.
The arrow hits you!! The centaur warrior hits you!
* * * LOW HITPOINT WARNING * * *
You feel yourself speed up.
The centaur warrior shoots an arrow.
The arrow hits you!!
You die...

#############
#..').#.)'..#
').#..'..#..+
#####'#####'# ####
####..#...#(####§§#
#__####..##(#≈§§@c#
#_____##'#_§§≈§§§.+
#_.∩...+...§#§§§.c#
#_..__##_.#'##+####
#_____###+#.#
####### ###


You could see 2 centaur warriors.

Vanquished Creatures
  Sigmund (D)
  A yak (D)
  An ogre (D)
  A jelly (D)
  Ijyb (D)
5 creatures vanquished.

Notes
Turn   | Place    | Note
-------+----------+-------------------------------------------
     0 | D        | FMitz the Troll Skald began the quest for the Orb.
     0 | D        | Reached XP level 1. HP: 19/19 MP: 1/1
     2 | D        | Noticed Ijyb
    14 | D        | Killed Ijyb
    14 | D        | Reached XP level 2. HP: 21/28 MP: 0/3
    31 | D        | Noticed an ogre
    38 | D        | Killed an ogre
    38 | D        | Reached XP level 3. HP: 37/37 MP: 0/6
    38 | D        | Reached XP level 4. HP: 45/45 MP: 0/7
    41 | D        | Noticed Sigmund
    60 | D        | Killed Sigmund
    60 | D        | Reached skill level 5 in Dodging
    60 | D        | Reached skill level 5 in Unarmed Combat
    60 | D        | Reached XP level 5. HP: 29/55 MP: 0/9
    60 | D        | Reached XP level 6. HP: 34/63 MP: 0/10
   159 | D        | Found a shimmering blue altar of Sif Muna.
   160 | D        | Found an ornate altar of the Wu Jian Council.
   161 | D        | Found a radiant altar of Vehumet.
   193 | D        | Noticed a centaur warrior
   193 | D        | Noticed a centaur warrior
   218 | D        | Became a worshipper of Vehumet
   220 | D        | Found Ypuan's Assorted Antiques.
   220 | D        | Found an ancient bone altar of Kikubaaqudgha.
   220 | D        | Found a stormy altar of Qazlal.
   220 | D        | Found a blossoming altar of Fedhas.
   220 | D        | Found a bloodstained altar of Trog.
   220 | D        | Found an iron altar of Okawaru.
   220 | D        | Found a glowing golden altar of the Shining One.
   220 | D        | Found a glowing silver altar of Zin.
   220 | D        | Found a white marble altar of Elyvilon.
   220 | D        | Noticed a yak
   228 | D        | Killed a yak
   228 | D        | Reached skill level 5 in Fighting
   229 | D        | Found a hazy altar of Hepliaklqana.
   229 | D        | Found a hide-covered altar of Uskayaw.
   229 | D        | Found a basalt altar of Yredelemnul.
   229 | D        | Found an opulent altar of Gozag.
   229 | D        | Found a snail-covered altar of Cheibriados.
   229 | D        | Found a sacrificial altar of Ru.
   229 | D        | Found a shadowy altar of Dithmenos.
   230 | D        | Found a sparkling altar of Nemelex Xobeh.
   234 | D        | Bought a scroll labeled TADABB BEFEN for 24 gold pieces
   234 | D        | Bought a twisted bone ring for 120 gold pieces
   234 | D        | Bought a cyan potion for 21 gold pieces
   299 | D        | Shot with an arrow by a centaur warrior

Levels and vault maps discovered:
D:        dungeon_sprint_1 [red_sonja_temple_1, red_sonja_temple_small_1]

Skill      XL: |  1  2  3  4  5  6 |
---------------+-------------------+-----
Fighting       | 2 3 4 5 |  5.6
Dodging        | 2 3 5 6 |  6.7
Charms         | 3 4 |  4.7
Unarmed Combat | 4 5 6 |  6.8
Spellcasting   | 2 3 |  3.6

Action                   |  1- 3 |  4- 6 || total
-------------------------+-------+-------++-------
Melee: Unarmed           |    14 |    27 ||    41
       Punch             |     1 |       ||     1
 Cast: Infusion          |     2 |     5 ||     7
Evoke: Wand              |     1 |       ||     1
  Use: Potion            |     2 |     1 ||     3
       Scroll            |       |     3 ||     3
Armor: Robe              |     2 |     1 ||     3
Dodge: Dodged            |     5 |     9 ||    14

Table legend:
 A = Non-vault XP
 B = Vault XP
 C = Vault XP percentage of total XP
 D = Non-vault monster count
 E = Vault monster count
 F = Vault count percentage of total count
                 A         B        C        D         E       F
            +---------+---------+-------+---------+---------+-------
      Total |       0 |     641 | 100.0 |       0 |       5 | 100.0
            +---------+---------+-------+---------+---------+-------
          D |       0 |     641 | 100.0 |       0 |       5 | 100.0
            +---------+---------+-------+---------+---------+-------
